 Dungeon Crawl Stone Soup version 0.20.2-3-g29329e0561 (webtiles) character file.

572 Alfie the Shield-Bearer (level 7, -1/61 HPs)
             Began as a Minotaur Fighter on Jan 13, 2021.
             Slain by a quasit (3 damage)
             ... summoned by Eustachio
             ... on level 4 of the Dungeon.
             The game lasted 00:06:22 (1827 turns).

Alfie the Shield-Bearer (Minotaur Fighter)          Turns: 1827, Time: 00:06:23

Health: -1/61      AC:  0    Str: 28    XL:     7   Next: 12%
Magic:  6/6        EV: 14    Int:  5    God:
Gold:   71         SH:  0    Dex:  9    Spells: 5/6 levels left

rFire    . . .     SeeInvis .   (weapon currently unavailable)
rCold    . . .     Gourm    .   (shield currently unavailable)
rNeg     . . .     Faith    .   (armour currently unavailable)
rPois    .         Spirit   .   (helmet currently unavailable)
rElec    .         Reflect  .   (cloak currently unavailable)
rCorr    .         Harm     .   (gloves currently unavailable)
MR       .....                  (boots currently unavailable)
Stlth    +.........             (no amulet)
Regen    0.2/turn               (ring currently unavailable)
MPRegen  0.1/turn               (ring currently unavailable)

@: mighty, pig-form (expiring), very quick
A: (retaliatory headbutt)
a: no special abilities


You were on level 4 of the Dungeon.
You were not hungry.
You were a filthy swine.
You visited 1 branch of the dungeon, and saw 4 of its levels.

You collected 71 gold pieces.

Inventory:

Hand Weapons
 a - a +0 long sword (melded)
Missiles
 j - 6 tomahawks (quivered)
Armour
 b - a +1 scale mail (melded)
 c - a +1 shield (melded)
Jewellery
 f - an uncursed ring of positive energy {unknown}
Scrolls
 g - a scroll of remove curse
 k - a scroll of teleportation
 l - a scroll of recharging
Potions
 d - a potion of might
 h - a potion of agility
 i - a potion of resistance {unknown}
Comestibles
 m - a bread ration


   Skills:
 + Level 5.1 Fighting
 + Level 5.7 Long Blades
 + Level 5.4 Armour
 + Level 1.5 Dodging
 + Level 5.7 Shields
 + Level 0.2 Unarmed Combat


You had 5 spell levels left.
You knew the following spells:

 Your Spells              Type           Power        Failure   Level  Hunger
a - Confusing Touch       Hex            #.....       47%         1    ##.....


Dungeon Overview and Level Annotations

Branches:
Dungeon (4/15)             Temple (0/1) D:4

Altars:
Sif Muna

Annotations:
D:4 Eustachio


Innate Abilities, Weirdness & Mutations

((You reflexively headbutt those who attack you in melee.))
((You have a pair of horns on your head.))


Message History

Ijyb hits you.
* * * LOW HITPOINT WARNING * * *
You bite Ijyb!
Ijyb is almost dead.
Ijyb misses you.
You closely miss Ijyb.
Ijyb is almost dead.
Ijyb hits you.
* * * LOW HITPOINT WARNING * * *
You bite Ijyb!
You kill Ijyb!
The shadow imp shouts, "Embrace thy dedition, thou unhinged fly-bitten codpiece!"
You miss the quasit. The quasit barely misses you.
The quasit closely misses you. The quasit barely misses you.
You miss the quasit. The quasit barely misses you. The quasit misses you.
The quasit barely misses you.
You miss the quasit.
The shadow imp disappears in a puff of smoke!
The quasit bites you.
You die...

######### #.......#
*** #.......# **,**
###.5.....#
*,*,**###
#§r.......#
**,,,,..#
#5#.5.....# *****
*,***#.#
#h#...5...#***,,,,
*,* #.#
#.#........,,>,***
*******,* #.#
#.#######.#*****
,,,,,,,,* #.# #.#
*****,#****
,,,****** #.# #.#
*,,,,,,,,,* ,,,****
#[# #.# *,,,,,,,,,*
,,,,,,* #.# #.#
*,,,,,,,,,* ,,,,,,*
#.###.#**,,,,,,,,,*
,,<,,,*
#.....#,,,,,,,,,,,*
*


You could see a quasit and a river rat.

Vanquished Creatures
  Sigmund (D:2)
  Menkaure (D:4)
  A sky beast (D:3)
  A crimson imp (D:3)
  Ijyb (D:4)
  6 adders
  A shadow imp (D:4)
  5 worms
  3 dart slugs
  2 leopard geckos (D:2)
  3 ball pythons
  5 bats
  4 giant cockroaches
  11 goblins
  4 hobgoblins
  4 jackals
  3 kobolds (D:1)
  5 frilled lizards
  4 rats
65 creatures vanquished.

Notes
Turn   | Place    | Note
-------+----------+-------------------------------------------
     0 | D:1      | Alfie the Minotaur Fighter began the quest for the Orb.
     0 | D:1      | Reached XP level 1. HP: 19/19 MP: 0/0
   431 | D:1      | Reached XP level 2. HP: 27/27 MP: 1/1
   795 | D:2      | Reached XP level 3. HP: 28/33 MP: 2/2
   889 | D:2      | Found a deep blue altar of Sif Muna.
  1051 | D:2      | Noticed Sigmund
  1098 | D:2      | Learned a level 1 spell: Confusing Touch
  1223 | D:2      | Reached XP level 4. HP: 40/40 MP: 3/3
  1245 | D:2      | Killed Sigmund
  1245 | D:2      | Reached skill level 5 in Shields
  1245 | D:2      | Reached XP level 5. HP: 17/47 MP: 4/4
  1297 | D:3      | Reached skill level 1 in Dodging
  1365 | D:3      | Noticed a sky beast
  1384 | D:3      | Killed a sky beast
  1384 | D:3      | Reached skill level 5 in Long Blades
  1384 | D:3      | Reached skill level 5 in Armour
  1384 | D:3      | Reached XP level 6. HP: 10/53 MP: 5/5
  1758 | D:4      | Noticed Menkaure
  1773 | D:4      | Killed Menkaure
  1773 | D:4      | Reached skill level 5 in Fighting
  1773 | D:4      | Reached XP level 7. HP: 23/61 MP: 6/6
  1782 | D:4      | Noticed Ijyb
  1795 | D:4      | Noticed Eustachio
  1823 | D:4      | HP: 2/61 [Ijyb (4)]
  1824 | D:4      | Killed Ijyb
  1827 | D:4      | Slain by a quasit

Skill      XL: |  1  2  3  4  5  6 |
---------------+-------------------+-----
Shields        | 4 5 |  5.7
Fighting       | 4 5 |  5.1
Long Blades    | 3 4 5 |  5.7
Armour         | 4 5 |  5.4
Dodging        | 1 |  1.5
Unarmed Combat | |  0.2

Action                   |  1- 3 |  4- 6 |  7- 9 || total
-------------------------+-------+-------+-------++-------
Melee: Long sword        |    63 |    67 |    10 ||   140
       Headbutt          |    10 |    16 |     4 ||    30
       Unarmed           |       |       |    15 ||    15
  Use: Potion            |       |     3 |     2 ||     5
       Scroll            |       |     6 |       ||     6
  Eat: Bread ration      |     1 |       |       ||     1
Armor: Scale mail        |    31 |    22 |     1 ||    54
Dodge: Dodged            |    27 |    18 |    15 ||    60
Block: Shield            |    45 |    27 |     4 ||    76
       Rpst.: Long sword |     7 |     7 |     1 ||    15
